 Dungeon Crawl Stone Soup version 0.31-a0-204-g7da18cac08 (webtiles) character file.

Game seed: 12596311268401027737

308 qw the Skirmisher (level 6, -1/35 HPs)
             Began as a Deep Elf Hunter on June 27, 2023.
             Slain by Grinder (5 damage)
             ... on level 3 of the Dungeon.
             The game lasted 00:00:37 (1396 turns).

qw the Skirmisher (Deep Elf Hunter)                 Turns: 1396, Time: 00:00:37

Health: -1/35      AC:  6    Str: 10    XL:     6   Next: 16%
Magic:  8/8        EV: 11    Int: 14    God:
Gold:   193        SH:  0    Dex: 18    Spells: 5/5 levels left

rFire   . . .        Y - +0 shortbow
rCold   . . .        (shield currently unavailable)
rNeg    . . .        h - +0 ring mail {rPois}
rPois   +            (no helmet)
rElec   .            (no cloak)
rCorr   .            (no gloves)
SInv    .            i - +0 pair of boots
Will    .....        d - amulet of regeneration
Stlth   +            (no ring)
HPRegen 1.05/turn    (no ring)
MPRegen 0.11/turn

%: no passive effects
@: no status effects
A: no striking features
a: no special abilities


You were on level 3 of the Dungeon.
You visited 1 branch of the dungeon, and saw 3 of its levels.

You collected 193 gold pieces.


   Skills:
 - Level 2.2 Fighting
 + Level 9.5 Ranged Weapons
 - Level 2.4 Dodging
 - Level 1.2 Stealth


You had 5 spell levels left.
You didn't know any spells.
Your spell library was empty.

Inventory:

Hand Weapons
 Y - a +0 shortbow (weapon)
Armour
 b - a +0 leather armour of poison resistance
 h - a +0 ring mail of poison resistance (worn)
 i - a +0 pair of boots (worn)
Jewellery
 d - an amulet of regeneration (around neck)
Scrolls
 a - 2 scrolls of identify
 c - a scroll of poison {unknown}
Potions
 e - a potion of mutation {unknown}
 f - 2 potions of curing

Dungeon Overview and Level Annotations

Branches:
Dungeon (3/15)

Altars:

Annotations:
D:3 Grinder


Message History

The hobgoblin is moderately wounded.
You shoot an arrow. The arrow hits the hobgoblin!
You kill the hobgoblin!
Things that are here:
a +0 short sword; an orc corpse
Items here: %% ) [.
Found a stone staircase leading up.
b - a +0 leather armour of poison resistance
Things that are here:
a +0 whip; an orc corpse
Found a stone staircase leading down.
c - a scroll labelled LUIQUPOGATH
There is a stone staircase leading up here.
Grinder comes into view.
Grinder shouts!
A kobold comes into view. It is wielding a +0 club.
Grinder moves out of view.
You shoot an arrow. The kobold shouts!
The arrow hits the kobold but does no damage.
You shoot an arrow. The arrow hits Grinder.
Grinder is lightly wounded.
You shoot an arrow. The arrow closely misses Grinder.
Grinder drinks a potion.
Grinder flickers and vanishes!
Deactivating autopickup; reactivate with Ctrl-A.
You shoot an arrow. The arrow hits the kobold.
You kill the kobold!
You shoot an arrow. Pain shoots through your body!
You shoot an arrow. Pain shoots through your body!
You shoot an arrow. Something hits you.
You writhe in agony.
You shoot an arrow. Something hits you.
You writhe in agony.
You shoot an arrow. Something hits you.
You writhe in agony.
You shoot an arrow. Something hits you.
You die...

######## #......#
#.####.# #.# #@#
###########.####{##
#.......<..........
#.#####.......##...
#)###.#>##)...
..#####.###.#.##.....
............#.##......
#######.#####
......... # #.# #


There were no monsters in sight!

Vanquished Creatures
  Sigmund (D:2)
  Natasha (thrice) (D:2)
  An orc wizard (D:3)
  Terence (D:2)
  3 orcs (D:3)
  2 endoplasms (D:1)
  2 goblins (D:2)
  4 hobgoblins
  3 jackals (D:1)
  3 kobolds
  A quokka (D:2)
  3 ball pythons
  2 bats (D:1)
  5 frilled lizards
  5 rats
39 creatures vanquished.

Notes
Turn   | Place    | Note
-------+----------+-------------------------------------------
     0 | D:1      | qw the Deep Elf Hunter began the quest for the Orb.
     0 | D:1      | Reached XP level 1. HP: 12/12 MP: 3/3
     0 | D:1      | 0 ||| qw: Version: 0.3-a-22-g0ed2b0b
     0 | D:1      | 0 ||| qw: Game counter: 6577
     0 | D:1      | 0 ||| qw: Melee chars always use a shield: true
     0 | D:1      | 0 ||| qw: God list: Okawaru
     0 | D:1      | 0 ||| qw: Allow faded altars: false
     0 | D:1      | 0 ||| qw: Do Orc after clearing Dungeon:15 true
     0 | D:1      | 0 ||| qw: Do second Lair branch before Depths: true
     0 | D:1      | 0 ||| qw: Lair rune preference: random
     0 | D:1      | 0 ||| qw: Goals: Normal
     0 | D:1      | 0 ||| PLANNING D:1-11
    32 | D:1      | Reached XP level 2. HP: 14/16 MP: 4/4
    60 | D:1      | Reached skill level 6 in Ranged Weapons
   356 | D:1      | 356 ||| UPGRADING to +0 ring mail of poison resistance.
   366 | D:1      | 366 ||| DROPPING +0 leather armour.
   367 | D:1      | 367 ||| UPGRADING to +0 pair of boots.
   372 | D:1      | 372 ||| UPGRADING to amulet of regeneration.
   377 | D:1      | 377 ||| READING scroll labelled ZEEXON NYZA.
   378 | D:1      | 378 ||| READING scroll labelled HOINAMESKU.
   385 | D:1      | 385 ||| DRINKING 2 puce potions.
   386 | D:1      | 386 ||| DROPPING scroll of butterflies.
   429 | D:2      | Noticed Natasha
   433 | D:2      | HP: 3/16 [Natasha/magic dart (6)]
   440 | D:2      | Killed Natasha
   441 | D:2      | Reached skill level 7 in Ranged Weapons
   441 | D:2      | Reached XP level 3. HP: 11/20 MP: 5/5
   473 | D:2      | Noticed Natasha
   479 | D:2      | Killed Natasha
   480 | D:2      | Reached XP level 4. HP: 25/25 MP: 6/6
   618 | D:2      | Noticed Natasha
   626 | D:2      | Killed Natasha
   754 | D:2      | Noticed Sigmund
   763 | D:2      | 763 ||| FLEEEEING.
   788 | D:2      | Killed Sigmund
   789 | D:2      | Reached skill level 9 in Ranged Weapons
   789 | D:2      | Reached XP level 5. HP: 9/29 MP: 7/7
   843 | D:2      | Noticed Terence
   855 | D:2      | Killed Terence
   856 | D:2      | Reached XP level 6. HP: 25/35 MP: 8/8
  1199 | D:2      | 1199 ||| READING scroll labelled BOIMOF RUSIFO.
  1202 | D:2      | 1202 ||| DRINKING 2 bubbling red potions.
  1246 | D:2      | 1246 ||| DROPPING potion of lignification.
  1344 | D:3      | 1344 ||| DRINKING 3 potions of curing.
  1344 | D:3      | 1344 ||| (to cure confusion)
  1347 | D:3      | 1347 ||| FLEEEEING.
  1348 | D:3      | 1348 ||| FLEEEEING.
  1386 | D:3      | Noticed Grinder
  1395 | D:3      | HP: 3/35 [something (6)]
  1396 | D:3      | Slain by Grinder

Levels and vault maps discovered:
D:1:      elethiomel_arrival_quiet, layout_rooms, kennysheep_crisscross
D:2:      layout_basic, kennysheep_boxes, uniq_sigmund, uniq_natasha,
          uniq_terence
D:3:      layout_loops_ring, mainiacjoe_overflow_concentric_impassable,
          shapermc_ecumenical_altar_ellora, nrook_loot_triangle, uniq_robin,
          uniq_grinder

Skill      XL: |  1  2  3  4  5  6 |
---------------+-------------------+-----
Ranged Weapons | 7 9 |  9.5
Fighting       | 2 |  2.2
Dodging        | |  2.4
Stealth        | |  1.2

Action                     |  1- 3 |  4- 6 || total
---------------------------+-------+-------++-------
   Fire: Shortbow          |    53 |    83 ||   136
    Use: Scroll            |     2 |     1 ||     3
         Potion            |     1 |     2 ||     3
 Armour: Leather armour    |     2 |       ||     2
         Ring mail         |     2 |     8 ||    10
  Dodge: Dodged            |     5 |     6 ||    11

Table legend:
 A = Non-vault XP
 B = Vault XP
 C = Vault XP percentage of total XP
 D = Non-vault monster count
 E = Vault monster count
 F = Vault count percentage of total count
                 A         B        C        D         E       F
            +---------+---------+-------+---------+---------+-------
      Total |     157 |     283 |  64.3 |      36 |       3 |   7.7
            +---------+---------+-------+---------+---------+-------
        D:1 |      28 |       0 |   0.0 |      19 |       0 |   0.0
        D:2 |      81 |     283 |  77.7 |      11 |       3 |  21.4
        D:3 |      48 |       0 |   0.0 |       6 |       0 |   0.0
            +---------+---------+-------+---------+---------+-------
